 Dungeon Sprint DCSS version 0.30-a0-469-g84de5afbc5 (webtiles) character file.

Game seed: 10884182469416413598

1100000 NinjaNoafa the Spry (level 15, -25/124 HPs)
             Began as a Djinni Warper on Dec 19, 2022.
             Was a Believer of Makhleb.
             Annihilated by a meat berserker
             ... wielding a +9 battleaxe
              (31 damage)
             ... in the Dungeon (Sprint VIII: "Arena of Blood").
             The game lasted 00:00:16 (11 turns).

NinjaNoafa the Spry (Djinni Warper)                   Turns: 11, Time: 00:00:17

Health: -25/124    AC:  5    Str: 10    XL:     15   Next: 14%
Gold:   0          EV: 25    Int: 15    God:    Makhleb [**....] SH:  0 Dex: 20

rFire   + + .      SeeInvis .    i - +∞ Axe of Woe
rCold   x . .      Faith    .    (shield currently unavailable)
rNeg    . . .      Spirit   .    b - +0 leather armour
rPois   ∞          Reflect  .    (no helmet)
rElec   .          Harm     .    (no cloak)
rCorr   .          Rampage  .    (no gloves)
Will    +....      NoTele   +    (boots unavailable)
Stlth   +.........               (no amulet)
HPRegen 0.40/turn                (no ring)
MPRegen 0.00/turn                (no ring)

@: flying
A: sickness immunity, fire resistance 2, cold vulnerability 1, float, innate
caster, HP casting, extra vitality 1
a: Renounce Religion, Minor Destruction


You were in the Dungeon.
You worshipped Makhleb.
Makhleb was pleased with you.
You visited 1 branch

Inventory:

Hand Weapons
 a - a +0 hand axe
 i - the +∞ Axe of Woe (weapon)
   (You found it in the Dungeon)
Missiles
 d - 7 boomerangs of dispersal (quivered)
Armour
 b - a +0 leather armour (worn)
Scrolls
 c - a scroll of blinking
Potions
 e - a potion of curing
 f - a potion of heal wounds
 g - a potion of haste
 h - a potion of berserk rage


   Skills:
 + Level 17.1 Fighting
 + Level 14.5 Axes
 + Level 14.5 Throwing
 + Level 17.2 Armour
 + Level 18.6 Dodging
 + Level 13.7 Spellcasting


You had 3 spell levels left.
You knew the following spells:

 Your Spells              Type           Power      Damage    Failure   Level
a - Blink                 Tloc           100%       N/A       1%          2
b - Lesser Beckoning      Tloc           100%       N/A       1%          3
c - Vhi's Electric Charg  Tloc/Air       100%       N/A       1%          3
d - Teleport Other        Tloc           51%        N/A       1%          3
e - Manifold Assault      Tloc           51%        N/A       1%          4
f - Slow                  Hex            100%       N/A       1%          1
g - Wereblood             Tmut           51%        N/A       1%          2
h - Static Discharge      Conj/Air       100%       2-7/arc   1%          2
i - Vampiric Draining     Necr           51%        2d9       1%          3
j - Olgreb's Toxic Radia  Pois           51%        N/A       1%          4
k - Borgnjor's Vile Clut  Necr/Erth      25%        N/A       1%          5
l - Starburst             Conj/Fire      25%        6d8       4%          6
Your spell library was empty.

Dungeon Overview and Level Annotations

Branches:
Dungeon (1/1)

Altars:
Makhleb


Innate Abilities, Weirdness & Mutations

You are immune to sickness and miasma.
You are immune to poison.
Your flesh is very heat resistant. (rF++)
You are vulnerable to cold. (rC-)
You float through the air rather than walking.
You learn spells naturally, not from books.
Your magical power is your life essence.
You have superior vitality. (+4 MHP)


Message History

Makhleb accepts your kill.
You slash the meat berserker!
You hew the meat berserker savagely.
You kill the meat berserker!
Makhleb accepts your kill.
You can now harness Makhleb's destructive might.
The meat berserker appears out of thin air!
A meat berserker comes into view. It is wielding a +9 battleaxe.
The meat berserker shouts!
You hear a shout! x5
A bag of meat comes into view. It is wielding a +9 war axe. x2
The meat berserker hits you with a +9 battleaxe!!
* * * LOW HITPOINT WARNING * * *
A meat berserker comes into view. It is wielding a +9 battleaxe.
You hear a shout!
A bag of meat comes into view. It is wielding a +9 war axe. x4
Your Fighting skill gained 3 levels and is now at level 17!
Your Axes skill gained 2 levels and is now at level 14!
Your Throwing skill gained 2 levels and is now at level 14!
Your Armour skill gained 3 levels and is now at level 17!
Your Dodging skill gained 3 levels and is now at level 18!
Your Spellcasting skill gained 2 levels and is now at level 13!
You have reached level 14!
You have reached level 15!
Your experience leads to an increase in your attributes!
Increase (S)trength, (I)ntelligence, or (D)exterity?
You feel agile. x2
The power to cast Starburst wells up from within.
Spell assigned to 'l'.
The bag of meat shouts! x3
You hit the meat berserker.
You slaughter the meat berserker joyfully.
You kill the meat berserker!
Makhleb accepts your kill.
You hit the bag of meat.
You fatally mangle the bag of meat.
You kill the bag of meat!
Makhleb accepts your kill.
You hear a shout! x2
A meat berserker comes into view. It is wielding a +9 battleaxe.
You hear a shout! x3
The meat berserker hits you with a +9 battleaxe!!
You die...

..........
..oo.............O..
#..oo.... ........o
.#..o.... #..... .#
....#.... #.... ..# .
......###..o. ..###.
... o......O.###......
.....#O)......_.......
#...@o..#.....#....
#......))..#_.<._# .
o..#.......#O....# O
...#.O......_.....
......o.....O###......
........###.... ..###.
... ..... #.... ..#
.......o. #.... ..# ..
..


You could see 5 meat berserkers and 11 bags of meat.

Vanquished Creatures
  4 ogres (D)
  3 orcs (D)
7 creatures vanquished.

Notes
Turn   | Place    | Note
-------+----------+-------------------------------------------
     0 | D        | Found the +∞ Axe of Woe
     0 | D        | NinjaNoafa the Djinni Warper began the quest for the Orb.
     0 | D        | NinjaNoafa set off with the following spells memorised:
                  | Blink, Lesser Beckoning, Vhi's Electric Charge, Teleport
                  | Other, Manifold Assault.
     0 | D        | Reached XP level 1. HP: 18/18 MP: 0/0
     2 | D        | Noticed a bag of meat
     4 | D        | Became a worshipper of Makhleb the Destroyer
     5 | D        | Noticed a meat berserker
     5 | D        | Noticed a meat berserker
     6 | D        | Noticed a bag of meat
     6 | D        | Noticed a bag of meat
     6 | D        | Noticed a bag of meat
     6 | D        | Noticed a bag of meat
     6 | D        | Noticed a meat berserker
     7 | D        | Noticed a bag of meat
     7 | D        | Noticed a bag of meat
     7 | D        | Noticed a meat berserker
     7 | D        | Noticed a meat berserker
     8 | D        | Killed a bag of meat
     8 | D        | Noticed a meat berserker
     9 | D        | Reached skill level 12 in Dodging
     9 | D        | Reached XP level 2. HP: 24/37 MP: 0/0
     9 | D        | Reached XP level 3. HP: 28/42 MP: 0/0
     9 | D        | Learned a level 1 spell: Slow
     9 | D        | Reached XP level 4. HP: 32/49 MP: 0/0
     9 | D        | Reached XP level 5. HP: 35/53 MP: 0/0
     9 | D        | Learned a level 2 spell: Wereblood
     9 | D        | Reached XP level 6. HP: 39/59 MP: 0/0
     9 | D        | Reached XP level 7. HP: 43/65 MP: 0/0
     9 | D        | Learned a level 2 spell: Static Discharge
     9 | D        | Reached XP level 8. HP: 47/71 MP: 0/0
     9 | D        | Reached XP level 9. HP: 51/76 MP: 0/0
     9 | D        | Learned a level 3 spell: Vampiric Draining
     9 | D        | Reached XP level 10. HP: 55/82 MP: 0/0
     9 | D        | Reached XP level 11. HP: 58/87 MP: 0/0
     9 | D        | Learned a level 4 spell: Olgreb's Toxic Radiance
     9 | D        | Killed a meat berserker
     9 | D        | Reached * piety under Makhleb
     9 | D        | Killed a bag of meat
     9 | D        | Noticed a bag of meat
     9 | D        | Noticed a bag of meat
    10 | D        | Reached skill level 15 in Dodging
    10 | D        | Reached XP level 12. HP: 25/101 MP: 0/0
    10 | D        | Reached XP level 13. HP: 26/106 MP: 0/0
    10 | D        | Learned a level 5 spell: Borgnjor's Vile Clutch
    10 | D        | Killed a meat berserker
    10 | D        | Killed a meat berserker
    10 | D        | Reached ** piety under Makhleb
    10 | D        | Noticed a meat berserker
    10 | D        | Noticed a bag of meat
    10 | D        | Noticed a bag of meat
    10 | D        | HP: 5/106 [meat berserker/+9 battleaxe (22)]
    10 | D        | Noticed a meat berserker
    10 | D        | Noticed a bag of meat
    10 | D        | Noticed a bag of meat
    10 | D        | Noticed a bag of meat
    10 | D        | Noticed a bag of meat
    11 | D        | Reached skill level 18 in Dodging
    11 | D        | Reached XP level 14. HP: 5/119 MP: 0/0
    11 | D        | Reached XP level 15. HP: 6/124 MP: 0/0
    11 | D        | Learned a level 6 spell: Starburst
    11 | D        | Killed a meat berserker
    11 | D        | Noticed a meat berserker
    11 | D        | Annihilated by a meat berserker

Illustrated notes

Levels and vault maps discovered:
D:        meatsprint

Skill      XL: |  1  2  3  4  5  6  7  8  9 10 11 12 13 |
---------------+----------------------------------------+-----
Fighting       | 11 14 17 | 17.1
Axes           | 9 12 14 | 14.5
Throwing       | 9 12 14 | 14.5
Armour         | 11 14 17 | 17.2
Dodging        | 12 15 18 | 18.6
Spellcasting   | 8 11 13 | 13.7

Action                   |  1- 3 |  4- 6 |  7- 9 | 10-12 | 13-15 || total
-------------------------+-------+-------+-------+-------+-------++-------
Melee: Executioner's axe |     1 |       |       |     1 |     2 ||     4
  Use: Scroll            |     1 |       |       |       |       ||     1

Table legend: (Time is in decaauts)
 A = Elapsed time spent in this place.
 B = Non-inter-level travel time spent in this place.
 C = Inter-level travel time spent in this place.
 D = Time resting spent in this place.
 E = Time spent auto-exploring this place.
 F = Levels seen in this place.
 G = Mean time per level.
                   A        B        C        D        E       F      G
               +--------+--------+--------+--------+--------+-----+--------+
         Total |     12 |     12 |      0 |      0 |      0 |   1 |   12.0 |
       Dungeon |     12 |     12 |      0 |      0 |      0 |   1 |   12.0 |
               +--------+--------+--------+--------+--------+-----+--------+

Top non-repeatable levels by time:
       D: 12 daAuts
